 Dungeon Crawl Stone Soup version 0.22.1-1-ga44c0e56f4 (webtiles) character file.

9907 Gargoyl the Protected (level 11, -4/91 HPs)
             Began as a Centaur Abyssal Knight on Oct 13, 2018.
             Was a High Priest of Lugonu.
             Slain by a minotaur
             ... wielding a +1 antimagic spear
              (20 damage)
             ... in a labyrinth.
             The game lasted 00:24:31 (14546 turns).

Gargoyl the Protected (Centaur Abyssal Knight)     Turns: 14546, Time: 00:24:32

Health: -4/91      AC: 16    Str: 16    XL:     11   Next: 29%
Magic:  0/17       EV:  2    Int: 11    God:    Lugonu [*****.]
Gold:   480        SH:  9    Dex: 11    Spells: 10/10 levels left

rFire    . . .     SeeInvis .   B - +12 mace "Woriagogg" {flame, rPois Stlth+}
rCold    . . .     Gourm    .   f - +0 shield
rNeg     + . .     Faith    .   n - +0 plate armour
rPois    +         Spirit   .   (no helmet)
rElec    .         Reflect  .   m - +0 cloak
rCorr    .         Harm     .   l - +2 pair of gloves
MR       .....                  (no barding)
Stlth    ..........             (no amulet)
HPRegen  0.25/turn              t - ring of positive energy
MPRegen  0.15/turn              A - ring of poison resistance

@: very slightly contaminated, invisible, very quick
A: large, hooves 3, deformed body, speed 2, tough skin 3
a: Depart the Abyss, Bend Space, Banish, Corrupt, Enter the Abyss, Renounce
Religion


You were in a labyrinth.
You worshipped Lugonu.
Lugonu was extremely pleased with you.
You were very hungry.

You visited 1 branch of the dungeon, and saw 11 of its levels.
You visited the Abyss 1 time.
You also visited: Labyrinth.

You collected 538 gold pieces.
You spent 58 gold pieces at shops.

Inventory:

Hand Weapons
 a - a +1 hand axe
 p - a +1 whip of venom
 r - a +0 war axe
 B - the +12 mace "Woriagogg" (weapon) {flame, rPois Stlth+}
   (You found it on level 10 of the Dungeon)

   It has been specially enchanted to burn those struck by it, causing extra
   injury to most foes and up to half again as much damage against particularly
   susceptible opponents.
   It protects you from poison.
   It makes you more stealthy.
Missiles
 s - 5 javelins (quivered)
Armour
 f - a +0 shield (worn)
 l - a +2 pair of gloves (worn)
 m - a +0 cloak (worn)
 n - a +0 plate armour (worn)
Jewellery
 t - a ring of positive energy (left hand)
 A - a ring of poison resistance (right hand)
Wands
 i - a wand of scattershot (7)
 x - a wand of flame (24)
 C - a wand of clouds (3)
Scrolls
 b - 3 scrolls of fog
 d - 13 scrolls of identify
 g - 7 scrolls of teleportation
 k - 2 scrolls of blinking
 w - 2 scrolls of remove curse
 y - 5 scrolls of amnesia
Potions
 e - 3 potions of curing
 h - 7 potions of degeneration
 j - a potion of invisibility
 o - 2 potions of brilliance
 q - 2 potions of heal wounds
 u - a potion of agility
 v - a potion of berserk rage
Comestibles
 c - 24 rations


   Skills:
 + Level 6.7 Fighting
 + Level 4.6(6.2) Axes
 + Level 6.3(7.1) Maces & Flails
 + Level 1.0 Throwing
 * Level 8.7 Armour
 + Level 1.1 Dodging
 + Level 3.9 Shields
 * Level 8.2 Invocations


You had 10 spell levels left.
You didn't know any spells.
Your spell library contained the following spells:

 Spells                   Type           Power        Failure   Level  Hunger
 Animate Skeleton         Necr           N/A          100%        1    ##.....
 Beastly Appendage        Tmut           #.....       100%        1    ##.....
 Infusion                 Chrm           #...         100%        1    ##.....
 Magic Dart               Conj           #...         100%        1    ##.....
 Pain                     Necr           #...         100%        1    ##.....
 Blink                    Tloc           N/A          100%        2    ###....
 Call Imp                 Summ           #.......     100%        2    ###....
 Shroud of Golubria       Chrm/Tloc      #.........   100%        2    ###....
 Slow                     Hex            #.......     100%        2    ###....
 Song of Slaying          Chrm           #.......     100%        2    ###....
 Sticks to Snakes         Tmut           #.......     100%        2    ###....
 Conjure Flame            Conj/Fire      #.......     100%        3    ####...
 Mephitic Cloud           Conj/Pois/Air  #.......     100%        3    ####...
 Regeneration             Chrm/Necr      #.........   100%        3    ####...
 Spectral Weapon          Hex/Chrm       #.......     100%        3    ####...
 Spider Form              Tmut/Pois      #.........   100%        3    ####...
 Vampiric Draining        Necr           #.........   100%        3    ####...
 Animate Dead             Necr           N/A          100%        4    #####..
 Ice Form                 Ice/Tmut       #.......     100%        4    #####..
 Blade Hands              Tmut           #.........   100%        5    ######.


Dungeon Overview and Level Annotations

Branches:
Dungeon (11/15)            Temple (0/1) D:6
   Lair: D:8-11         Orc: D:9-12

Altars:
Cheibriados
Elyvilon
Fedhas
Kikubaaqudgha
Nemelex Xobeh
Okawaru
Qazlal
Sif Muna
Trog
Wu Jian
Yredelemnul
The Shining One

Shops:
D:5 [   D:10 :


Innate Abilities, Weirdness & Mutations

You have hooves in place of feet.
Armour fits poorly on your strangely shaped body.
You cover ground very quickly.
You have extremely tough skin. (AC +3)


Message History

The minotaur hits you but does no damage.
The minotaur gores you but does no damage.
You hit the minotaur but do no damage.
The minotaur is lightly wounded.
You block the minotaur's attack.
The minotaur gores you but does no damage.
You hit the minotaur. You burn the minotaur.
The minotaur is lightly wounded.
The minotaur hits you with an antimagic spear!!
* * * LOW HITPOINT WARNING * * *
You feel your power leaking away. The minotaur gores you!
* * * LOW HITPOINT WARNING * * *
You feel better.
The minotaur hits you with an antimagic spear!
* * * LOW HITPOINT WARNING * * *
The minotaur completely misses you.
You feel better.
The minotaur hits you with an antimagic spear!!
You die...

. # # # . . #
###.# #### ...
. . . . .# ##
.. ....###
...#### #####.
# # ####.#.....
. .. # .
#.########... .
..#.#.@.(.(# .
#
.#.#H####.#.#.#
# #.#. #.# # #
.## ###.# ..# #
##
#........#..##
# ###### ## .#
...... ..## . #
. .. .. # #. .#


You could see a minotaur.

Vanquished Creatures
  An unseen horror (D:10)
  3 centaur zombies
  A komodo dragon (D:11)
  Grinder (D:4)
  Prince Ribbit (D:6)
  3 trolls
  Sigmund (D:2)
  2 wyverns (D:10)
  Eustachio (D:6)
  A wraith (D:11)
  2 water moccasins
  Duvessa (D:6)
  2 orc warriors
  2 sky beasts
  A black bear (D:9)
  3 ice beasts
  A necrophage (D:9)
  6 phantoms
  7 ogres
  6 centaurs
  2 big kobolds
  6 bullfrogs
  A water moccasin zombie (D:10)
  Dowan (D:6)
  A gnoll sergeant (D:5)
  4 scorpions
  A bullfrog zombie (D:6)
  6 crimson imps
  3 quasits
  6 hounds
  2 jellies
  6 orc priests
  Crazy Yiuf (D:2)
  A bullfrog skeleton (D:11)
  A gnoll shaman (D:3)
  A centaur skeleton (D:6)
  4 iguanas
  9 orc wizards
  7 worker ants
  A killer bee zombie (D:10)
  A hound zombie (D:5)
  A hound skeleton (D:4)
  A howler monkey zombie (D:6)
  16 gnolls
  16 adders
  6 shadow imps
  4 oozes
  A worm (D:3)
  6 dart slugs
  3 leopard geckos
  41 orcs
  A ball python (D:2)
  10 bats
  5 giant cockroaches
  6 goblins
  7 hobgoblins
  14 jackals
  13 kobolds
  4 quokkas
  3 frilled lizards
  A giant cockroach zombie (D:5)
  2 leopard gecko skeletons (D:5)
  A quokka zombie (D:5)
  12 rats
285 creatures vanquished.

Vanquished Creatures (others)
  A two-headed ogre (D:11)
  A cyclops (D:11)
  3 vampires
  A hungry ghost (D:10)
  An orc wizard (D:4)
  A quokka (D:5)
8 creatures vanquished.

Grand Total: 293 creatures vanquished

Notes
Turn   | Place    | Note
-------+----------+-------------------------------------------
     0 | Abyss:1  | Gargoyl the Centaur Abyssal Knight began the quest for the
                  | Orb.
     0 | Abyss:1  | Reached XP level 1. HP: 19/19 MP: 2/2
    30 | Abyss:3  | Found a corrupted altar of Lugonu.
    35 | Abyss:3  | Noticed a large abomination
    52 | Abyss:3  | Noticed a smoke demon
    64 | Abyss:3  | Noticed an earth elemental
    66 | D:1      | Escaped the Abyss
   111 | D:1      | Reached * piety under Lugonu
   245 | D:1      | Reached XP level 2. HP: 15/26 MP: 3/3
   643 | D:1      | Reached XP level 3. HP: 17/31 MP: 4/4
  1064 | D:2      | Reached XP level 4. HP: 33/39 MP: 5/5
  1092 | D:2      | Noticed Sigmund
  1259 | D:2      | Killed Sigmund
  1259 | D:2      | Reached XP level 5. HP: 23/46 MP: 5/7
  1478 | D:2      | Reached XP level 6. HP: 25/52 MP: 8/8
  1503 | D:2      | Reached ** piety under Lugonu
  1776 | D:2      | Found a runed door.
  2054 | D:2      | Noticed Crazy Yiuf
  2061 | D:2      | Killed Crazy Yiuf
  2327 | D:3      | Found an ancient bone altar of Kikubaaqudgha.
  3095 | D:3      | Found a basalt altar of Yredelemnul.
  3700 | D:4      | Reached skill level 1 in Maces & Flails
  3700 | D:4      | Reached XP level 7. HP: 49/58 MP: 9/9
  4215 | D:4      | Reached *** piety under Lugonu
  4539 | D:4      | Noticed Grinder
  4561 | D:4      | Killed Grinder
  4922 | D:4      | Found a deep blue altar of Sif Muna.
  5078 | D:4      | Identified Sif Muna's Handbook of Beguiling
  5184 | D:5      | Entered Level 5 of the Dungeon
  5217 | D:5      | Found Geurut's Armour Boutique.
  5221 | D:5      | Bought a +0 shield for 58 gold pieces
  5290 | D:5      | Reached XP level 8. HP: 52/67 MP: 10/10
  5603 | D:5      | Reached skill level 5 in Armour
  5838 | D:5      | Found a white marble altar of Elyvilon.
  6304 | D:5      | Found a snail-covered altar of Cheibriados.
  6520 | D:5      | Reached **** piety under Lugonu
  6777 | D:6      | Reached skill level 5 in Fighting
  6951 | D:6      | Found a staircase to the Ecumenical Temple.
  6987 | D:6      | Noticed Duvessa
  6987 | D:6      | Noticed Dowan
  7010 | D:6      | Killed Duvessa
  7010 | D:6      | Reached skill level 1 in Shields
  7013 | D:6      | Reached skill level 5 in Invocations
  7039 | D:6      | Killed Dowan
  7317 | D:6      | Reached XP level 9. HP: 63/74 MP: 12/12
  7427 | D:6      | Noticed Prince Ribbit
  7469 | D:6      | Killed Prince Ribbit
  7469 | D:6      | Reached skill level 1 in Dodging
  7902 | D:6      | Noticed Eustachio
  7927 | D:6      | Killed Eustachio
  8652 | D:7      | Found an iron altar of Okawaru.
  8654 | D:7      | Found a glowing golden altar of the Shining One.
  8939 | D:7      | Found a bloodstained altar of Trog.
  9188 | D:7      | Reached XP level 10. HP: 82/83 MP: 14/14
  9386 | D:7      | Found an ornate altar of the Wu Jian Council.
  9389 | D:7      | Found a sparkling altar of Nemelex Xobeh.
  9393 | D:7      | Found a snail-covered altar of Cheibriados.
  9947 | D:8      | Found a stormy altar of Qazlal.
 10070 | D:8      | Found a blossoming altar of Fedhas.
 11249 | D:9      | Reached ***** piety under Lugonu
 12149 | D:9      | Reached skill level 1 in Throwing
 12330 | D:10     | Entered Level 10 of the Dungeon
 12685 | D:10     | Reached skill level 5 in Maces & Flails
 13109 | D:10     | Found Xoekhok's Book Shoppe.
 13269 | D:10     | Got a crude mace
 13270 | D:10     | Identified the +12 mace "Woriagogg" {flame, rPois Stlth+}
                  | (You found it on level 10 of the Dungeon)
 13319 | D:10     | Reached XP level 11. HP: 77/90 MP: 16/16
 13501 | D:10     | Killed an unseen horror
 13925 | D:11     | Noticed a two-headed ogre
 13926 | D:11     | Banished a two-headed ogre
 14075 | D:11     | Found a labyrinth entrance.
 14099 | Lab      | Entered a labyrinth
 14532 | Lab      | Noticed a minotaur
 14546 | Lab      | Slain by a minotaur

Skill      XL: |  1  2  3  4  5  6  7  8  9 10 11 |
---------------+----------------------------------+-----
Axes           | 2 3 4 |  4.6
Armour         | 2 3 4 6 7 8 |  8.7
Invocations    | 3 5 6 7 8 |  8.2
Maces & Flails | 1 2 3 4 5 6 |  6.3
Fighting       | 4 5 6 |  6.7
Shields        | 1 2 3 |  3.9
Dodging        | 1 |  1.1
Throwing       | 1 |  1.0

Action                   |  1- 3 |  4- 6 |  7- 9 | 10-12 || total
-------------------------+-------+-------+-------+-------++-------
Melee: Hand axe          |    79 |   112 |    94 |   105 ||   390
       Kick              |    16 |    42 |   166 |   139 ||   363
       Whip              |       |    82 |   525 |   356 ||   963
       Mace              |       |       |       |    78 ||    78
Throw: Javelin           |       |       |     7 |    17 ||    24
Invok: Depart the Abyss  |     1 |       |       |       ||     1
       Bend Space        |       |       |     1 |       ||     1
       Banish            |       |       |       |     7 ||     7
  Use: Scroll            |     1 |     8 |     6 |     3 ||    18
       Potion            |       |     3 |     6 |     4 ||    13
 Stab: Invisible         |       |       |     1 |       ||     1
  Eat: Chunk             |       |     4 |    16 |    13 ||    33
       Ration            |       |     1 |       |     1 ||     2
Armor: Chain mail        |    81 |    90 |       |       ||   171
       Plate armour      |       |    49 |   511 |   473 ||  1033
       Skin              |       |       |     8 |       ||     8
Dodge: Dodged            |    22 |    35 |    30 |    41 ||   128
Block: Shield            |       |       |   183 |   257 ||   440
